 Dungeon Crawl Stone Soup version 0.32-a0-893-gf85d74f (webtiles) character file.

Game seed: 11281052928089525619

313049 alcopop the Slayer (level 21, -2/279 HPs)
             Began as a Coglin Berserker on Apr 3, 2024.
             Was a High Priest of Trog.
             Killed from afar by a spellforged servitor (35 damage)
             ... with an iron shot
             ... summoned by Frederick
             ... on level 3 of the Vaults.
             The game lasted 00:59:46 (51307 turns).

alcopop the Slayer (Coglin Berserker)              Turns: 51307, Time: 00:59:46

Health: -2/279     AC: 30    Str: 24    XL:     21   Next: 8%
Magic:  21/21      EV: 16    Int:  8    God:    Trog [*****.]
Gold:   307        SH:  0    Dex: 17    Spells: 20/20 levels left

rFire   + + .        O - +4 broad axe (flame) {Njabulo}
rCold   + . .        R - +1 broad axe (spect) {Tae}
rNeg    . . .        b - +4 chain mail {Will+}
rPois   +            F - +2 helmet {SInv}
rElec   .            t - +0 cloak
rCorr   +            w - +2 pair of gloves of Dawn {-Cast +Blink rF++ Regen+}
SInv    +            S - +2 pair of boots of Classification {Will+}
Will    +++..        (amulet unavailable) Stlth
                     (ring unavailable)
HPRegen 1.46/turn    (ring unavailable)
MPRegen 0.17/turn    m - experimental hypercompensator {rPois rC+ rCorr Clar RMsl}

%: no spellcasting, repel missiles, clarity
@: berserking (expiring), marked, studying Evocations, revving, very quick
A: off-hand wielding, slow wielding, warmup strikes, no jewellery
}: 2/15 runes: serpentine, barnacled
a: Renounce Religion, Evoke Blink, Berserk, Trog's Hand, Brothers in Arms


You were on level 3 of the Vaults.
You worshipped Trog.
Trog was extremely pleased with you.
You visited 6 branches of the dungeon, and saw 33 of its levels.
You visited 3 bazaars.
You also visited: Ice Cave.

You collected 3859 gold pieces.
You spent 3552 gold pieces at shops.

Inventory:

Hand Weapons
 K - a +4 broad axe of flaming
 O - a +4 broad axe of flaming (weapon) {Njabulo}
 R - a +1 spectral broad axe (offhand) {Tae}
Missiles
 A - 13 throwing nets (quivered) {!f}
 J - 8 curare-tipped darts
Armour
 b - a +4 chain mail of willpower (worn)
 f - a +2 chain mail of fire resistance
 t - a +0 cloak (worn)
 w - the +2 pair of gloves of Dawn (worn) {-Cast +Blink rF++ Regen+}
   (You bought it in a shop in a bazaar)

   rF++:      It greatly protects you from fire.
   +Blink:    It lets you blink.
   -Cast:     It prevents spellcasting.
   Regen+:    It increases your rate of health regeneration.
 F - a +2 helmet of see invisible (worn)
 S - the +2 pair of boots of Classification (worn) {Will+}
   (You bought it in a shop on level 1 of the Shoals)

   Will+:     It increases your willpower.
Gizmo
 m - an experimental hypercompensator (installed) {rPois rC+ rCorr Clar RMsl}
   (You invented it yourself on level 2 of the Lair of Beasts)

   [experimental hypercompensator]

   rC+:       It protects you from cold.
   rPois:     It protects you from poison.
   Clar:      It protects you from confusion, rage, mesmerisation and fear.
   RMsl:      It protects you from missiles.
   rCorr:     It protects you from acid and corrosion.
Talismans
 T - a maw talisman
Wands
 v - a wand of flame (27)
 x - a wand of iceblast (24)
 y - a wand of paralysis (22)
 E - a wand of light (8)
 G - a wand of digging (10)
 I - a wand of mindburst (4)
Scrolls
 e - 14 scrolls of teleportation
 h - 9 scrolls of enchant armour
 j - 5 scrolls of fog
 k - 4 scrolls of fear
 o - 2 scrolls of revelation
 s - a scroll of butterflies {unknown}
 z - 6 scrolls of immolation {!r}
 B - 6 scrolls of vulnerability {!r}
 D - 2 scrolls of poison {!r}
 H - 3 scrolls of blinking
Potions
 c - a potion of invisibility {unknown}
 g - 3 potions of lignification {!q}
 i - 9 potions of haste
 l - 3 potions of cancellation
 n - 7 potions of might
 p - 10 potions of curing
 q - 6 potions of heal wounds
 r - 3 potions of magic
 u - 8 potions of mutation {!q}
 C - 2 potions of resistance
 N - a potion of berserk rage {unknown}
 Q - 4 potions of ambrosia
Miscellaneous
 a - a phantom mirror
 d - a lightning rod (4/4) {!a}
 P - a sack of spiders


   Skills:
 + Level 21.3 Fighting
 - Level 18.0 Axes
 - Level 15.0 Armour
 - Level 15.0 Dodging
 - Level 17.0 Evocations


You had 20 spell levels left.
You didn't know any spells.
Your spell library was empty.

Dungeon Overview and Level Annotations

Branches:
Dungeon (15/15)            Temple (0/1) D:7            Lair (5/5) D:11
 Shoals (4/4) Lair:2        Snake (4/4) Lair:3        Slime (0/5) Lair:5
    Orc (2/2) D:11            Elf (0/3) Orc:2        Vaults (3/5) D:14
  Crypt (0/3) Vaults:2     Depths (0/4) D:15          IceCv (visited)

Altars:
Ashenzari
Cheibriados
Kikubaaqudgha
Makhleb
Nemelex Xobeh
Okawaru
Qazlal
Ru
Sif Muna
Yredelemnul
Beogh
Jiyva

Shops:
D:5 (   D:9 *   D:14 *   Orc:1 [   Orc:2 [!:[[   Shoals:1 [*=[[   Shoals:3 :
Snake:4 :==

Annotations:
Vaults:3 Frederick


Innate Abilities, Weirdness & Mutations

You can wield a second weapon in your off-hand.
It takes a long time for you to wield or remove held weapons.
Your first few attacks do less damage.
You cannot equip rings or amulets.


Message History

Frederick says, "All of you adventurers look the same to me!
Bumbling weaklings, the lot!"
Frederick hits you with a +3 demon trident of freezing!!
* * * LOW HITPOINT WARNING * * *
Frederick freezes you.
* * * LOW HITPOINT WARNING * * *
The yaktaur shoots a bolt.
The bolt hits your +1 spectral broad axe {Tae}!!
Your spectral weapon shares its damage with you!
* * * LOW HITPOINT WARNING * * *
The yaktaur shoots a bolt.
The bolt closely misses your +1 spectral broad axe {Tae}.
The bolt hits you!
* * * LOW HITPOINT WARNING * * *
The yaktaur shoots a bolt.
The bolt barely misses your +1 spectral broad axe {Tae}.
The bolt misses you.
You slash Frederick with your +4 broad axe of flaming!
You burn Frederick.
Frederick is heavily wounded.
You hit Frederick with your +1 spectral broad axe.
Your +1 spectral broad axe {Tae} hits Frederick!
A yaktaur captain zombie comes into view.
You barely miss Frederick with your +1 spectral broad axe.
Frederick is heavily wounded.
You miss Frederick with your +4 broad axe of flaming.
Your +1 spectral broad axe {Tae} closely misses Frederick.
A yaktaur comes into view.
Frederick hits you with a +3 demon trident of freezing.
* * * LOW HITPOINT WARNING * * *
Electricity crackles from the ironbound thunderhulk's apparatus.
The bolt of lightning hits you!
* * * LOW HITPOINT WARNING * * *
The yaktaur shoots a bolt.
The bolt barely misses your +1 spectral broad axe {Tae}.
The bolt is repelled.
The yaktaur shoots a bolt.
The bolt misses your +1 spectral broad axe {Tae}.
The bolt is repelled.
The spellforged servitor casts a spell at you.
The iron shot hits you!!
You die...

....# #..#......'.......# ....
....# #..#......#.......#.....
....# #..#'######.......'......
....# #............[....#......
########.................#######
....)..#.................#
.......'.................#
.......#.................#
.......#......9.@).......+
.......#.......@(........#
.......#.................#
########.......cpc.......#
#......cc.........#
.......O.........#
#####cp##########


Z.c You could see Frederick (soul bound), a vault warden (soul bound), an
ironbound thunderhulk (soul bound), a spellforged servitor (summoned), an
ironbound frostheart, 6 yaktaurs, a yaktaur captain zombie and a friendly +1
spectral broad axe {Tae}.

Vanquished Creatures
  Mara (Vaults:3)
  Bai Suzhen (Vaults:2)
  Vashnia (Snake:2)
  Nikola (Vaults:2)
  The ghost of SuckSex the Shatterer, an adept OnFi of Okawaru (Shoals:4)
  A quicksilver dragon (Snake:4)
  Asterion (Snake:4)
  A sphinx (Vaults:1)
  Frances (D:14)
  Polyphemus (Shoals:2)
  4 krakens (Shoals:3)
  Ilsuiw (Shoals:2)
  Donald (Snake:1)
  Roxanne (Snake:1)
  6 nagarajas
  3 orc warlords
  3 vault wardens
  2 very ugly things (IceCv)
  7 ironbound preservers
  5 ironbound thunderhulks
  2 formless jellyfish
  Azrael (Snake:1)
  The ghost of bybia the Martial Artist, a journeyman OpSh of Gozag (Lair:3)
  Snorg (Lair:5)
  13 merfolk javelineers
  10 merfolk impalers
  An ettin (Orc:1)
  5 yaktaur captains
  The ghost of uuddlrlrba the Zephyrmancer, a journeyman BaIE of Sif Muna (D:12)
  A spectral kraken (Shoals:4)
  A rakshasa (D:15)
  4 great orbs of eyes
  A deep elf high priest (Vaults:2)
  A peacekeeper (Vaults:2)
  A caustic shrike simulacrum (IceCv)
  5 merfolk avatars
  4 salamander tyrants
  8 vault guards (D:14)
  10 anacondas
  5 ironbound frosthearts
  6 hydras
  13 centaur warriors
  3 boulder beetles
  2 catoblepae
  9 merfolk aquamancers
  2 two-headed ogres (Orc:2)
  2 satyrs
  An alligator snapping turtle (Shoals:3)
  11 death yaks
  16 naga sharpshooters
  22 naga warriors
  2 occultists (D:15)
  An orc high priest (Orc:2)
  8 shock serpents
  A fire crab (Lair:1)
  A salamander mystic (Snake:2)
  Amaemon (Lair:1)
  2 skysharks
  15 sea snakes
  3 arcanists
  29 deep trolls
  9 naga ritualists
  10 mana vipers
  5 lindwurms
  33 harpies
  2 necromancers
  8 ironbound convokers
  An obsidian statue (Vaults:1)
  19 orc knights
  A deep elf zephyrmancer (D:15)
  5 oklob plants
  An orange crystal statue (IceCv)
  An obsidian bat (Orc:2)
  15 fauns
  6 ugly things
  3 orc sorcerers
  13 manticores
  11 cyclopes
  13 salamanders
  14 merfolk sirens
  15 elephants
  A spectral alligator snapping turtle (Shoals:4)
  3 kobold blastminers (Orc:1)
  16 naga magi
  3 guardian serpents
  6 meliai (D:15)
  13 cane toads
  5 water nymphs
  32 black mambas
  11 vault sentinels
  3 torpor snails (Lair:2)
  An orange demon (Lair:1)
  2 spectral sea snakes (Shoals:4)
  6 gargoyles
  3 freezing wraiths
  A centaur skeleton (D:15)
  13 komodo dragons
  An efreet (D:14)
  A golden dragon simulacrum (IceCv)
  8 rime drakes
  5 yaktaurs (Vaults:1)
  2 anaconda simulacra (IceCv)
  A tengu conjurer (D:15)
  61 merfolk
  2 wind drakes
  3 polar bears
  A polar bear (shapeshifter) (D:14)
  4 saltlings (Orc:2)
  2 hornets (D:10)
  10 trolls
  43 blink frogs
  10 dream sheep
  2 alligator simulacra (IceCv)
  9 snapping turtles
  A deep troll zombie (Vaults:3)
  12 slime creatures
  A shadow (D:12)
  2 centaur simulacra (D:15)
  13 water elementals
  A dire elephant simulacrum (IceCv)
  42 yaks
  15 wyverns
  4 wraiths
  2 fire elementals (Snake:1)
  3 basilisks
  A steam dragon (D:8)
  2 wargs
  7 vampire mosquitoes
  31 nagas
  13 water moccasins
  3 acid dragons
  3 hell hounds (Snake:1)
  3 spectral snapping turtles (Shoals:4)
  15 orc warriors
  An ice beast (D:6)
  2 sky beasts
  4 laughing skulls
  An ettin simulacrum (Vaults:3)
  9 ogres
  10 wolves
  10 boggarts
  3 centaurs
  4 kobold brigands
  12 bullfrogs
  A gnoll sergeant (D:10)
  3 scorpions (D:5)
  12 wights
  A hornet simulacrum (D:14)
  A lindwurm simulacrum (IceCv)
  2 jellies
  5 killer bees (D:9)
  4 howler monkeys
  An electric eel (Lair:2)
  3 lava snakes (Lair:3)
  7 hounds
  11 orc priests
  Crazy Yiuf (D:3)
  Terence (D:3)
  3 iguanas
  21 orc wizards
  A boggart skeleton (D:15)
  9 hell rats
  10 gnolls
  7 adders
  4 river rats (Lair:1)
  2 shadow imps
  4 white imps (D:4)
  6 ufetubi
  5 ribbon worms
  72 orcs
  6 ball pythons
  6 bats
  9 endoplasms
  5 giant cockroaches
  10 goblins
  7 hobgoblins
  8 kobolds
  A quokka (D:2)
  3 frilled lizards
  14 rats
  2 spectral weapons (Snake:4)
  29 tentacles
1265 creatures vanquished.

Vanquished Creatures (collateral kills)
  2 merfolk impalers (Shoals:4)
  A cyclops (Orc:2)
  A manticore (Shoals:4)
4 creatures vanquished.

Vanquished Creatures (others)
  A centaur warrior (Vaults:2)
  15 spectral weapons
  27 tentacles
43 creatures vanquished.

Grand Total: 1312 creatures vanquished

Notes
Turn   | Place    | Note
-------+----------+-------------------------------------------
     0 | D:1      | alcopop the Coglin Berserker began the quest for the Orb.
     0 | D:1      | Reached XP level 1. HP: 18/18 MP: 1/1
   165 | D:1      | Reached XP level 2. HP: 24/24 MP: 2/2
   877 | D:1      | Found a faded altar of an unknown god.
   940 | D:2      | Reached XP level 3. HP: 29/29 MP: 3/3
  1218 | D:2      | Reached ** piety under Trog
  1367 | D:2      | Reached XP level 4. HP: 32/36 MP: 4/4
  2280 | D:3      | Found a runed translucent door.
  2281 | D:3      | Noticed Crazy Yiuf
  2475 | D:3      | Noticed Terence
  2486 | D:3      | Killed Terence
  2487 | D:3      | Reached skill level 4 in Fighting
  2487 | D:3      | Reached XP level 5. HP: 42/42 MP: 5/5
  2560 | D:3      | Reached skill level 5 in Axes
  2803 | D:3      | Killed Crazy Yiuf
  2919 | D:4      | Noticed an ogre
  2926 | D:4      | Killed an ogre
  2927 | D:4      | Reached XP level 6. HP: 32/49 MP: 6/6
  3588 | D:5      | Entered Level 5 of the Dungeon
  3620 | D:5      | Reached skill level 5 in Fighting
  3622 | D:5      | Reached XP level 7. HP: 48/56 MP: 7/7
  3623 | D:5      | Reached *** piety under Trog
  3729 | D:5      | Found Komufudy's Antique Weapon Boutique.
  3832 | D:5      | Found a broken altar of Ashenzari.
  3951 | D:5      | Found a sacrificial altar of Ru.
  4016 | D:5      | Found a shimmering blue altar of Sif Muna.
  4031 | D:5      | Reached XP level 8. HP: 58/63 MP: 8/8
  4666 | D:6      | Reached skill level 6 in Fighting
  4777 | D:6      | Reached skill level 5 in Armour
  4796 | D:6      | Found a sparkling altar of Nemelex Xobeh.
  5109 | D:7      | Reached XP level 9. HP: 70/70 MP: 9/9
  5731 | D:7      | Found a staircase to the Ecumenical Temple.
  5739 | D:7      | Found an ancient bone altar of Kikubaaqudgha.
  6005 | D:7      | Found a burning altar of Makhleb.
  6279 | D:8      | Found a stormy altar of Qazlal.
  6362 | D:8      | Noticed a troll
  6368 | D:8      | Killed a troll
  6369 | D:8      | Reached skill level 7 in Fighting
  6872 | D:8      | Reached XP level 10. HP: 79/79 MP: 10/10
  6876 | D:8      | Reached skill level 10 in Axes
  7137 | D:8      | Reached skill level 1 in Evocations
  7621 | D:9      | Found Quuruoh's General Store.
  7627 | D:9      | Bought a wand of light (7) for 323 gold pieces
  7627 | D:9      | Bought a +0 helmet of see invisible for 126 gold pieces
  7627 | D:9      | Bought a potion of mutation for 88 gold pieces
  7627 | D:9      | Bought a scroll of identify for 22 gold pieces
  7886 | D:9      | Reached **** piety under Trog
  8649 | D:10     | Entered Level 10 of the Dungeon
  9031 | D:10     | Reached skill level 5 in Evocations
  9401 | D:10     | Paralysed by a hornet for 2 turns
  9407 | D:10     | Reached skill level 8 in Fighting
  9583 | D:11     | Noticed a gargoyle
  9592 | D:11     | Killed a gargoyle
  9667 | D:11     | Noticed a boulder beetle
  9687 | D:11     | Killed a boulder beetle
  9990 | D:11     | Reached XP level 11. HP: 87/87 MP: 11/11
 10436 | D:11     | Reached ***** piety under Trog
 10597 | D:11     | Noticed a cyclops
 10619 | D:11     | Killed a cyclops
 10666 | D:11     | Found a staircase to the Lair.
 10670 | D:11     | Noticed an oklob plant
 10670 | D:11     | Noticed an oklob plant
 10781 | D:11     | Found a staircase to the Orcish Mines.
 11358 | D:12     | Reached skill level 9 in Fighting
 11405 | D:12     | Noticed a manticore
 11413 | D:12     | Killed a manticore
 11658 | D:12     | Noticed a four-headed hydra
 11661 | D:12     | Killed a four-headed hydra
 11662 | D:12     | Reached skill level 10 in Evocations
 11685 | D:12     | Noticed a manticore
 11690 | D:12     | Killed a manticore
 12065 | D:12     | Reached XP level 12. HP: 96/96 MP: 12/12
 12441 | D:12     | Found a large runed translucent door.
 12442 | D:12     | Found a large runed translucent door.
 12444 | D:12     | Noticed uuddlrlrba's ghost (journeyman BaIE)
 12714 | D:12     | Killed uuddlrlrba's ghost
 12912 | D:13     | Found Urauh's Clear Minds Boutique.
 13159 | D:13     | Reached skill level 10 in Fighting
 13426 | D:13     | Noticed a centaur warrior
 13438 | D:13     | Killed a centaur warrior
 13697 | Orc:1    | Entered Level 1 of the Orcish Mines
 13697 | Orc:1    | Found Angat's Armour Shop.
 13931 | Orc:1    | Received a gift from Trog
 13934 | Orc:1    | Noticed an ettin
 13949 | Orc:1    | Killed an ettin
 14718 | Orc:2    | Entered Level 2 of the Orcish Mines
 14801 | Orc:2    | Reached XP level 13. HP: 104/104 MP: 13/13
 14878 | Orc:2    | Found Oteogec's Armour Boutique.
 14894 | Orc:2    | Bought a +0 pair of boots for 45 gold pieces
 15537 | Orc:2    | Found Toq Siro's Distillery.
 15796 | Orc:2    | Bought a potion of curing for 39 gold pieces
 15796 | Orc:2    | Bought a potion of heal wounds for 65 gold pieces
 15796 | Orc:2    | Bought 2 potions of haste for 260 gold pieces
 15796 | Orc:2    | Bought 2 potions of degeneration for 26 gold pieces
 15915 | Orc:2    | Found Goedakal's Antique Armour Shop.
 15924 | Orc:2    | Reached skill level 11 in Fighting
 15924 | Orc:2    | Found a roughly hewn altar of Beogh.
 15932 | Orc:2    | Found Xoin's Antique Armour Shop.
 16107 | Orc:2    | Bought a pair of spiked boots for 304 gold pieces
 16107 | Orc:2    | Identified the +2 pair of boots of Zoat {rPois} (You bought
                  | it in a shop on level 2 of the Orcish Mines)
 16146 | Orc:2    | Found Woyvowy's Book Boutique.
 16152 | Orc:2    | Reached skill level 10 in Armour
 16450 | Orc:2    | Found a staircase to the Elven Halls.
 16654 | Lair:1   | Entered Level 1 of the Lair of Beasts
 16768 | Lair:1   | Reached skill level 15 in Axes
 17079 | Lair:1   | Noticed Amaemon
 17089 | Lair:1   | Killed Amaemon
 17983 | Lair:2   | Found a snail-covered altar of Cheibriados.
 18000 | Lair:2   | Reached skill level 12 in Fighting
 18094 | Lair:2   | Reached XP level 14. HP: 109/115 MP: 14/14
 18094 | Lair:2   | Acquired an experimental hypercompensator {rPois rC+ rCorr
                  | Clar RMsl}
 18524 | Lair:2   | Found a staircase to the Shoals.
 19465 | Lair:3   | Found a runed translucent door.
 19562 | Lair:3   | Found a staircase to the Snake Pit.
 19717 | Lair:3   | Reached skill level 13 in Fighting
 19900 | Lair:3   | Noticed bybia's ghost (journeyman OpSh)
 19910 | Lair:3   | Killed bybia's ghost
 20952 | Lair:5   | Entered Level 5 of the Lair of Beasts
 20952 | Lair:5   | Noticed Snorg
 21047 | Lair:5   | Reached XP level 15. HP: 104/124 MP: 15/15
 21228 | Lair:5   | Received a gift from Trog
 21397 | Lair:5   | Killed Snorg
 21637 | Lair:5   | Reached skill level 5 in Dodging
 22132 | Lair:5   | Found a staircase to the Slime Pits.
 22144 | Lair:5   | Reached skill level 14 in Fighting
 22194 | Lair:5   | Found a viscous altar of Jiyva.
 22350 | Lair:5   | Found the +7 captain's cutlass {speed, disarm}
 23457 | D:14     | Found a gate to the Vaults.
 23811 | D:14     | Identified the +11 longbow of Unbearable Subterfuge {flame,
                  | *Slow Will++ Int+4}
 23921 | D:14     | Found Xaski's Demolitions Depot.
 23922 | D:14     | Noticed Frances
 23942 | D:14     | Killed Frances
 24119 | D:14     | Reached XP level 16. HP: 103/134 MP: 5/16
 24201 | D:14     | Received a gift from Trog
 24549 | D:15     | Entered Level 15 of the Dungeon
 24550 | D:15     | Found a flickering gateway to a bazaar.
 24581 | D:15     | Reached skill level 15 in Fighting
 24615 | Bazaar   | Entered a bazaar
 24615 | Bazaar   | Found the +3 hat of Pondering {ponderous, Will+ MP+10
                  | Int+5}
 24615 | Bazaar   | Found Searphada's Antique Weapon Boutique.
 24615 | Bazaar   | Found Hagob's Armour Shop.
 24615 | Bazaar   | Found Ipsen's Weapon Shop.
 24800 | Bazaar   | Bought a broad axe for 108 gold pieces
 24961 | D:15     | Found an iron altar of Okawaru.
 24972 | D:15     | Reached skill level 10 in Dodging
 26290 | D:15     | Found a staircase to the Depths.
 26543 | Snake:1  | Entered Level 1 of the Snake Pit
 26558 | Snake:1  | Found a glacial archway.
 26564 | Snake:1  | Noticed Donald
 26568 | Snake:1  | Reached skill level 16 in Fighting
 26587 | Snake:1  | Killed Donald
 26699 | IceCv    | Entered an ice cave
 26708 | IceCv    | Received a gift from Trog
 26710 | IceCv    | Found a transporter.
 26909 | IceCv    | Found a transporter.
 27695 | Snake:1  | Reached skill level 17 in Fighting
 27930 | Snake:1  | Noticed Azrael
 27938 | Snake:1  | Killed Azrael
 28690 | Snake:1  | Noticed Roxanne
 28709 | Snake:1  | Killed Roxanne
 28934 | Snake:2  | Reached XP level 17. HP: 149/149 MP: 5/17
 28945 | Snake:2  | Noticed Vashnia
 29675 | Snake:2  | Killed Vashnia
 29863 | Snake:2  | Reached skill level 18 in Fighting
 30585 | Snake:2  | Identified a scroll of acquirement
 30585 | Snake:2  | Acquired the +1 pair of gloves of Elyvilon {rF+ Str+3}
 31583 | Snake:3  | Received a gift from Trog
 31996 | Snake:3  | Reached skill level 15 in Evocations
 33518 | Snake:4  | Entered Level 4 of the Snake Pit
 33518 | Snake:4  | Found Mepogg's Book Emporium.
 33518 | Snake:4  | Found Poiss's Jewellery Boutique.
 33520 | Snake:4  | Found Tugiff's Jewellery Boutique.
 34221 | Snake:4  | Reached XP level 18. HP: 156/159 MP: 18/18
 34797 | Snake:4  | Reached skill level 19 in Fighting
 35636 | Snake:4  | Noticed Asterion
 35650 | Snake:4  | Killed Asterion
 35832 | Snake:4  | Noticed a quicksilver dragon
 35839 | Snake:4  | Killed a quicksilver dragon
 35932 | Snake:4  | Got a serpentine rune of Zot
 37155 | Snake:4  | Found Mepogg's Book Emporium.
 37155 | Snake:4  | Found Tugiff's Jewellery Boutique.
 37157 | Snake:4  | Found Poiss's Jewellery Boutique.
 37189 | Snake:4  | Received a gift from Trog
 37476 | Shoals:1 | Entered Level 1 of the Shoals
 37515 | Shoals:1 | Found Yrets's Armour Shop.
 37523 | Shoals:1 | Found Caduz's Jewellery Emporium.
 37661 | Shoals:1 | Found Ifru's Antique Armour Emporium.
 37798 | Shoals:1 | Bought a pair of crude boots for 218 gold pieces
 37798 | Shoals:1 | Identified the +2 pair of boots of Classification {Will+}
                  | (You bought it in a shop on level 1 of the Shoals)
 38322 | Shoals:1 | Found Celucvag's Assorted Antiques.
 38331 | Shoals:1 | Bought a scroll of teleportation for 102 gold pieces
 38674 | Shoals:1 | Found Ymeecatt's Armour Shop.
 39017 | Shoals:2 | Noticed Polyphemus
 39032 | Shoals:2 | Killed Polyphemus
 39177 | Shoals:2 | Noticed Ilsuiw
 39194 | Shoals:2 | Killed Ilsuiw
 39574 | Shoals:2 | Received a gift from Trog
 40609 | Shoals:3 | Reached XP level 19. HP: 154/167 MP: 19/19
 41521 | Shoals:3 | Found Xovyxur's Vocational Training.
 41573 | Shoals:3 | Bought a manual of Evocations for 1200 gold pieces
 41652 | Shoals:3 | Received a gift from Trog
 42399 | Shoals:3 | Found Xovyxur's Vocational Training.
 44125 | Shoals:4 | Entered Level 4 of the Shoals
 44902 | Shoals:4 | Identified the +1 plate armour "Qido" {Str+2 Dex+2}
 45021 | Shoals:4 | Noticed SuckSex's ghost (adept OnFi)
 45034 | Shoals:4 | Found a transporter.
 45037 | Shoals:4 | Found a transporter.
 45106 | Shoals:4 | HP: 9/240 [merfolk impaler/+0 trident of flaming (10)]
 45110 | Shoals:4 | HP: 1/160 [merfolk impaler/+3 demon trident of
                  | electrocution (17)]
 45440 | Shoals:4 | Got a barnacled rune of Zot
 45444 | Shoals:4 | Got an azure gem with 0 turns to spare
 45718 | Shoals:4 | Received a gift from Trog
 45719 | Shoals:4 | Reached skill level 20 in Fighting
 46237 | Shoals:4 | Identified the ring "Itrutit" {Slay+3 SInv}
 46503 | Shoals:4 | Killed SuckSex's ghost
 46508 | Shoals:4 | Reached XP level 20. HP: 98/146 MP: 20/20
 47030 | Vaults:1 | Entered Level 1 of the Vaults
 47094 | Vaults:1 | Received a gift from Trog
 47200 | Vaults:1 | Found the +4 skin of Zhor {*Englaciate rC+++ SInv}
 47226 | Vaults:1 | Found a flickering gateway to a bazaar.
 47248 | Bazaar   | Entered a bazaar
 47248 | Bazaar   | Found Exiawk's Distillery.
 47389 | Bazaar   | Found Harogege's Antique Weapon Emporium.
 47400 | Bazaar   | Found Wedienia's Antique Armour Boutique.
 47408 | Bazaar   | Found Daketwyrgh's Book Boutique.
 47419 | Bazaar   | Found Oplobar's General Store.
 47446 | Bazaar   | Bought 2 potions of heal wounds for 90 gold pieces
 47446 | Bazaar   | Bought a potion of heal wounds for 45 gold pieces
 47446 | Bazaar   | Bought a potion of heal wounds for 45 gold pieces
 47446 | Bazaar   | Bought 2 potions of haste for 180 gold pieces
 48620 | Vaults:1 | Received a gift from Trog
 49471 | Vaults:2 | Found a flickering gateway to a bazaar.
 49482 | Bazaar   | Entered a bazaar
 49487 | Bazaar   | Found Keamn's Book Boutique.
 49497 | Bazaar   | Found Mestat's Armour Boutique.
 49505 | Bazaar   | Found Pyumyraw's Armour Shop.
 49515 | Bazaar   | Found Dicvaim's Antique Armour Shop.
 49523 | Bazaar   | Bought a pair of smoking gloves for 266 gold pieces
 49523 | Bazaar   | Identified the +2 pair of gloves of Dawn {-Cast +Blink rF++
                  | Regen+} (You bought it in a shop in a bazaar)
 49558 | Vaults:2 | Found a staircase to the Crypt.
 49558 | Vaults:2 | Found an ancient bone altar of Kikubaaqudgha.
 49559 | Vaults:2 | Found a basalt altar of Yredelemnul.
 49618 | Vaults:2 | Noticed Bai Suzhen
 49631 | Vaults:2 | Killed Bai Suzhen
 50047 | Vaults:2 | Noticed Nikola
 50064 | Vaults:2 | Killed Nikola
 50065 | Vaults:2 | Reached skill level 15 in Armour
 50074 | Vaults:2 | Reached skill level 15 in Dodging
 50659 | Vaults:2 | Paralysed by a formless jellyfish for 1 turns
 50972 | Vaults:3 | Reached skill level 21 in Fighting
 50978 | Vaults:3 | Noticed Mara
 50987 | Vaults:3 | Killed Mara
 50988 | Vaults:3 | Reached XP level 21. HP: 186/186 MP: 21/21
 50989 | Vaults:3 | Identified the orb "Coxtoodear" {*channel, Str+3}
 50989 | Vaults:3 | Noticed Frederick
 51301 | Vaults:3 | Received a gift from Trog
 51307 | Vaults:3 | Killed from afar by a spellforged servitor

Illustrated notes

Levels and vault maps discovered:
D:1:      psy_arrival_heroes, layout_loops_corners,
          dreamdust_ecumenical_altar_hidden_monk_grotto
D:2:      layout_basic, minmay_joined_circles
D:3:      layout_loops_corners, uniq_terence, uniq_crazy_yiuf_cottage
D:4:      layout_rooms, serial_demonic, serial_demonic_f, serial_demonic_g,
          serial_demonic_b, serial_demonic_d, serial_demonic_e, serial_demonic_d
D:5:      layout_rooms, ashenzari_conservatory_becter,
          nicolae_ru_the_path_less_chosen, mainiacjoe_overflow_brackets,
          serial_shops, shop
D:6:      layout_basic, nemelex_diamond_rough_becter
D:7:      layout_cave_pools, marbit_many_paths, kiku_gazebo_garden_becter,
          minmay_temple_entry_glassed_door
D:8:      layout_basic, mainiacjoe_overflow_boulevard, minmay_misc_feat_rows
D:9:      layout_layer_cave, serial_shops, shop
D:10:     layout_loops_ring
D:11:     layout_basic, dpeg_oklobed_lair, erik_orc_3,
          nicolae_concentric_dashed_squares_wild, serial_bayou_pond_c,
          nrook_mini_vaults
D:12:     layout_loops_ring, ebering_ghost_disaster_area
D:13:     layout_rooms, nicolae_clarity_for_sale
D:14:     lemuel_troll_bridge, layout_cave_pools, erik_vaults_2,
          nicolae_blasting_shop, uniq_frances
D:15:     grunt_enter_depths_magical_seal, layout_gridville, serial_shops,
          bzr_entry_road, okawaru_trees_2
Lair:1:   layout_regular_city, nicolae_lair_grove_arrangements,
          serial_bayou_pond_e, kennysheep_abandoned_house, uniq_amaemon
Lair:2:   layout_hall_layers, nicolae_shoals_entry_roost,
          kennysheep_snail_temple
Lair:3:   layout_roguey [special_room_mythical_zoo],
          nicolae_snake_entry_warm_welcome, ebering_ghost_reflecting_pool
Lair:4:   layout_misc_corridors, grunt_megastairs_2
Lair:5:   gammafunk_lair_ancient_temple, layout_gridlike, slime_entry_1,
          dpeg_oklob_1, uniq_snorg
Shoals:1: layout_shoals, serial_shops, shop, shop, shop,
          nicolae_shop_just_a_little_nook, shop, nicolae_shoals_land_atoll,
          nicolae_shoals_flooded_hall
Shoals:2: layout_shoals, uniq_ilsuiw, uniq_polyphemus
Shoals:3: nicolae_shoals_lighthouse, layout_shoals, nicolae_shop_vocational
Shoals:4: shoals_end_simple, layout_shoals, ebering_ghost_davey_jones
Snake:1:  layout_gridlike, portal_ice_cave_entry_pillars_three, uniq_donald,
          uniq_roxanne, uniq_azrael
Snake:2:  layout_onion_interference, uniq_vashnia
Snake:3:  layout_onion, nicolae_snake_gridmaze_big_u
Snake:4:  hellmonk_snake_rune_quicksilver_temple, layout_onion,
          minmay_shop_grove, lemuel_fruit_tree, uniq_asterion
Orc:1:    layout_caves, serial_shops, shop
Orc:2:    hellmonk_orc_salted, layout_caves, serial_shops, shop
Vaults:1: hangedman_vaults_stream, lightli_orcish_oven,
          ontoclasm_vaults_ligature, nicolae_vaults_trapezoid_2,
          nicolae_vaults_display_case, nicolae_vaults_storage_room_water,
          nicolae_vaults_doubleplus_tesselated, nicolae_vaults_sealed_display,
          v_alt_pattern_2, layout_vaults_quadrants, serial_shops, statue_bzr
Vaults:2: minmay_crypt_entry_necro_gods, nicolae_vaults_house_1,
          ontoclasm_vaults_ring_square, nicolae_vaults_enemy_cabinets,
          hangedman_vaults_capsules, v_alt_pattern_5, nicolae_vaults_house_2,
          v_pattern_2, vaults_room_door_ring, nicolae_vaults_tangram_2,
          v_misc_3, layout_vaults_omnibox, serial_shops, bzr_entry_lakeside,
          uniq_bai_suzhen, uniq_nikola
Vaults:3: v_misc_1, vaults_room_grid, nicolae_vaults_what_the_h,
          nicolae_vaults_offset_grid_hallway_3, nicolae_vaults_six-pack,
          nicolae_vaults_heart-shaped_vault, nicolae_vaults_little_squares_3,
          nicolae_vaults_library_corner, nicolae_vaults_sesquioval_fish,
          ontoclasm_vaults_decontamination, vaults_mumra_lcd,
          dpeg_vaults_monster_box, nicolae_vaults_double_plus_1,
          layout_vaults_omnicross, serial_shops, shop_fountains, uniq_mara,
          uniq_frederick

Skill      XL: |  1  2  3  4  5  6  7  8  9 10 11 12 13 14 15 16 17 18 19 20 |
---------------+-------------------------------------------------------------+-----
Axes           | 4 5 6 7 8 9 11 12 14 15 17 18 | 18.0
Fighting       | 4 5 6 7 8 9 10 12 13 14 17 18 19 20 21 | 21.3
Armour         | 3 5 7 9 10 11 13 15 | 15.0
Evocations     | 7 10 11 16 17 | 17.0
Dodging        | 3 9 10 11 13 15 | 15.0

Action                     |  1- 3 |  4- 6 |  7- 9 | 10-12 | 13-15 | 16-18 | 19-21 || total
---------------------------+-------+-------+-------+-------+-------+-------+-------++-------
  Melee: Hand axe          |    79 |    94 |   276 |   850 |   406 |       |       ||  1705
         Dagger            |    74 |    80 |       |       |       |       |       ||   154
         War axe           |       |     6 |     9 |       |   196 |   390 |       ||   601
         Broad axe         |       |       |       |    34 |   635 |  1174 |  1222 ||  3065
  Throw: Throwing net      |       |       |       |     1 |       |       |     2 ||     3
 Invoke: Berserk           |       |     5 |     8 |    16 |    17 |    28 |    20 ||    94
         Trog's Hand       |       |       |       |       |     3 |     3 |     3 ||     9
         Brothers in Arms  |       |       |       |       |     1 |       |       ||     1
Ability: Invent Gizmo      |       |       |       |       |     1 |       |       ||     1
         Evoke Blink       |       |       |       |       |       |       |     1 ||     1
  Evoke: Wand              |       |       |       |     5 |       |     3 |     1 ||     9
         Sack of spiders   |       |       |       |       |       |     1 |     1 ||     2
         Lightning rod     |       |       |       |       |       |       |     7 ||     7
    Use: Scroll            |       |     4 |     2 |     3 |     6 |    14 |    10 ||    39
         Potion            |       |       |       |       |       |     3 |     6 ||     9
   Stab: Sleeping          |       |     3 |       |       |       |       |       ||     3
         Held in net/web   |       |       |       |     2 |       |       |       ||     2
         Petrifying        |       |       |       |       |       |     7 |       ||     7
         Distracted        |       |       |       |       |       |     1 |    12 ||    13
 Armour: Animal skin       |    32 |    26 |       |       |       |       |       ||    58
         Ring mail         |       |     5 |       |       |       |       |       ||     5
         Chain mail        |       |    35 |   156 |   337 |   581 |   848 |   600 ||  2557
         Acid dragon scale |       |       |       |       |    11 |       |       ||    11
         Quicksilver drago |       |       |       |       |       |    40 |       ||    40
  Dodge: Dodged            |    38 |    43 |    57 |   123 |   220 |   424 |   421 ||  1326
         Repelled          |       |       |       |       |    15 |   137 |    53 ||   205

Table legend: (Time is in decaauts)
 A = Elapsed time spent in this place.
 B = Non-inter-level travel time spent in this place.
 C = Inter-level travel time spent in this place.
 D = Time resting spent in this place.
 E = Time spent auto-exploring this place.
 F = Levels seen in this place.
 G = Mean time per level.
                   A        B        C        D        E       F      G
               +--------+--------+--------+--------+--------+-----+--------+
         Total |  51775 |  49893 |   1882 |  18120 |  25148 |  37 | 1399.3 |
       Dungeon |  17696 |  16883 |    813 |   4925 |   9852 |  15 | 1179.7 |
          Lair |   6982 |   6519 |    463 |   1626 |   3931 |   5 | 1396.4 |
        Shoals |   9480 |   9228 |    252 |   4099 |   3739 |   4 | 2370.0 |
     Snake Pit |  10265 |  10032 |    233 |   5149 |   3793 |   4 | 2566.2 |
  Orcish Mines |   2236 |   2188 |     48 |    762 |   1180 |   2 | 1118.0 |
        Vaults |   3977 |   3906 |     71 |    833 |   2382 |   3 | 1325.7 |
        Bazaar |    459 |    459 |      0 |    124 |    260 |   3 |  153.0 |
      Ice Cave |    676 |    676 |      0 |    598 |     10 |   1 |  676.0 |
               +--------+--------+--------+--------+--------+-----+--------+

Top non-repeatable levels by time:
Shoals:3: 3877 daAuts
 Snake:4: 2988 daAuts
Shoals:4: 2855 daAuts
 Snake:3: 2733 daAuts
    D:11: 2588 daAuts
Vaults:1: 2334 daAuts
 Snake:2: 2276 daAuts
 Snake:1: 2267 daAuts
   Orc:2: 1870 daAuts
  Lair:5: 1774 daAuts
    D:15: 1647 daAuts
  Lair:2: 1598 daAuts
    D:12: 1593 daAuts
Shoals:2: 1424 daAuts
    D:14: 1365 daAuts
